 Dungeon Crawl Stone Soup version 0.29-a0-187-ga23d9638d5 (webtiles) character file.

Game seed: 5567499856305616964

1372 Hasart the Covert (level 8, -1/41 HPs)
             Began as a Vampire Enchanter on Feb 21, 2022.
             Slain by an orc warrior (2 damage)
             ... on level 5 of the Dungeon.
             The game lasted 00:13:39 (6322 turns).

Hasart the Covert (Vampire Enchanter)               Turns: 6322, Time: 00:13:40

Health: -1/41      AC: 10    Str:  3    XL:     8   Next: 38%
Magic:  3/14       EV: 12    Int: 20    God:
Gold:   348        SH:  0    Dex: 16    Spells: 7/15 levels left

rFire   . . .      SeeInvis +   w - +0 dagger (venom)
rCold   + + .      Faith    .   (no shield)
rNeg    + + +      Spirit   .   q - +3 leather armour of Noon {rN+ Str-4 Dex+2 Slay+6}
rPois   ∞          Reflect  .   z - +2 hat
rElec   .          Harm     .   p - +0 cloak
rCorr   .          Rampage  .   (no gloves)
Will    .....                   t - +0 pair of boots {Fly}
Stlth   ++++++....              (no amulet)
HPRegen 0.00/turn               (no ring)
MPRegen 0.14/turn               (no ring)

@: flying, bloodless, inhibited regen
A: bloodless, fangs 3, see invisible, vampiric 2
a: Bat Form, Revivify


You were on level 5 of the Dungeon.
You visited 1 branch of the dungeon, and saw 6 of its levels.

You collected 348 gold pieces.

Inventory:

Hand Weapons
 a - a +1 dagger
 w - a +0 dagger of venom (weapon)
Armour
 b - a +0 robe
 p - a +0 cloak (worn)
 q - the +3 leather armour of Noon (worn) {rN+ Str-4 Dex+2 Slay+6}
   (You found it on level 3 of the Dungeon)

   Str:       It affects your strength (-4).
   Dex:       It affects your dexterity (+2).
   Slay:      It affects your accuracy & damage with ranged weapons and melee
   (+6).
   rN:        It protects you from negative energy.
 r - a +0 helmet
 t - a +0 pair of boots of flying (worn)
 u - a +2 leather armour of fire resistance
 z - a +2 hat (worn)
Wands
 y - a wand of mindburst (19)
Scrolls
 e - a scroll of torment {unknown}
 g - a scroll of enchant weapon {unknown}
 h - 2 scrolls of immolation {unknown}
 i - 2 scrolls of magic mapping {unknown}
 n - a scroll of acquirement {unknown}
 v - 3 scrolls of identify {unknown}
Potions
 c - a potion of invisibility
 d - a potion of resistance {unknown}
 f - 2 potions of heal wounds {unknown}
 j - 3 potions of attraction {unknown}
 k - 3 potions of berserk rage {unknown}
 l - 5 potions of curing {unknown}
 m - 5 potions of cancellation {unknown}
 o - 3 potions of might {unknown}
 s - a potion of mutation {unknown}
 x - a potion of ambrosia {unknown}


   Skills:
 + Level 4.7 Short Blades
 + Level 5.1 Dodging
 + Level 8.1 Stealth
 + Level 4.3 Spellcasting
 + Level 7.4 Hexes
 + Level 3.3 Ice Magic


You had 7 spell levels left.
You knew the following spells:

 Your Spells              Type           Power      Damage    Failure   Level
a - Ensorcelled Hibernat  Hex/Ice        52%        N/A       4%          2
b - Confusing Touch       Hex            34%        N/A       3%          3
c - Tukima's Dance        Hex            34%        N/A       3%          3

Your spell library contained the following spells:

 Spells                   Type           Power      Damage    Failure   Level
 Dazzling Flash           Conj/Hex       38%        N/A       16%         3
 Anguish                  Hex/Necr       9%         N/A       47%         4
 Spider Form              Tmut/Pois      4%         N/A       58%         3
 Silence                  Hex/Air        9%         N/A       83%         5
 Agony                    Necr           4%         N/A       100%        5


Dungeon Overview and Level Annotations

Branches:
Dungeon (6/15)
 Temple: D:4-7

Altars:
Kikubaaqudgha
Yredelemnul

Annotations:
D:4 1 runed translucent door, sn0wgr3's ghost, amateur MiFi


Innate Abilities, Weirdness & Mutations

You do not regenerate when monsters are visible.
You are frail without blood (-20% HP).
You can heal yourself when you bite living creatures.
You are immune to poison.
You have razor-sharp teeth.
You have supernaturally acute eyesight. (SInv)
You are afflicted with vampirism and can become a bat while bloodless.


Message History

Confirm with . or Enter, or press ? or * to list all spells.
Aiming: Ensorcelled Hibernation (safe; 4% risk of failure)
Press: ? - help, Shift-Dir - straight line, f/p - orc warrior
Aim: an orc warrior, wielding a +0 vorpal mace and wearing a +0 plate armour (chance to affect: 57%)
The orc warrior resists with significant effort.
The orc warrior hits you with a +0 vorpal mace.
Casting: Ensorcelled Hibernation (safe; 4% risk of failure)
Confirm with . or Enter, or press ? or * to list all spells.
Aiming: Ensorcelled Hibernation (safe; 4% risk of failure)
Press: ? - help, Shift-Dir - straight line, f/p - orc warrior
Aim: an orc warrior, wielding a +0 vorpal mace and wearing a +0 plate armour (chance to affect: 57%)
The orc warrior resists with significant effort.
The orc warrior hits you with a +0 vorpal mace.
Casting: Ensorcelled Hibernation (safe; 4% risk of failure)
Confirm with . or Enter, or press ? or * to list all spells.
Aiming: Tukima's Dance (dangerous; 3% risk of failure)
Press: ? - help, Shift-Dir - straight line, f/p - orc warrior
Aim: an orc warrior, wielding a +0 vorpal mace and wearing a +0 plate armour (chance to affect: 62%)
The orc warrior resists with significant effort.
The orc warrior hits you with a +0 vorpal mace!
You see here a +0 rapier.
Casting: Tukima's Dance (dangerous; 3% risk of failure)
Confirm with . or Enter, or press ? or * to list all spells.
Aiming: Tukima's Dance (dangerous; 3% risk of failure)
Press: ? - help, Shift-Dir - straight line, f/p - orc warrior
Aim: an orc warrior, wielding a +0 vorpal mace and wearing a +0 plate armour (chance to affect: 62%)
The orc warrior resists with significant effort.
The orc warrior hits you with a +0 vorpal mace!
* * * LOW HITPOINT WARNING * * *
x2 Unknown command.
You hit the orc warrior but do no damage.
The orc warrior is poisoned.
The orc warrior misses you.
You hit the orc warrior.
The orc warrior looks even sicker.
The orc warrior is moderately wounded.
You hit the orc warrior.
The orc warrior looks as sick as possible!
The orc warrior is severely wounded.
The orc warrior hits you with a +0 vorpal mace!
* * * LOW HITPOINT WARNING * * *
You die...

######## #.#####.# #.# #...# #.##
#.## ###.# #..## #..# ##.####..#
##.# #.....##.## #.#
#.....##..###.####### ###
#...).##......#.....##
..#########.....#..............##
...............o@...............#
..#########...........).........#
### #...........(.........#
#.....................#
######................#
#................#
##..............##
##.....##.....## ##############


You could see an orc warrior (extremely poisoned).

Vanquished Creatures
  Grinder (D:5)
  Menkaure (D:5)
  Edmund (D:4)
  An ogre (D:5)
  A phantom (D:6)
  A gnoll sergeant (D:5)
  2 scorpions
  2 howler monkeys (D:5)
  A bullfrog zombie (D:5)
  4 hounds
  A bullfrog skeleton (D:6)
  2 iguanas (D:5)
  An orc wizard (D:5)
  3 hound skeletons
  Robin (D:3)
  6 gnolls
  4 adders
  An ufetubus (D:5)
  2 worms
  A dart slug (D:3)
  13 orcs
  6 bats
  2 endoplasms
  2 giant cockroaches
  19 goblins
  9 hobgoblins
  3 quokkas
  5 ball pythons
  10 kobolds
  5 rats
111 creatures vanquished.

Vanquished Creatures (others)
  A goblin zombie (D:4)
  A jackal zombie (D:4)
  A kobold (D:4)
3 creatures vanquished.

Grand Total: 114 creatures vanquished

Notes
Turn   | Place    | Note
-------+----------+-------------------------------------------
     0 | D:1      | Hasart the Vampire Enchanter began the quest for the Orb.
     0 | D:1      | Reached XP level 1. HP: 13/13 MP: 3/3
   166 | D:1      | Reached XP level 2. HP: 15/15 MP: 5/5
   174 | D:1      | Learned a level 2 spell: Ensorcelled Hibernation
   334 | D:1      | Found a faded altar of an unknown god.
   969 | D:2      | Gained mutation: You are afflicted with vampirism and can
                  | become a bat while bloodless. [Vampire growth]
   969 | D:2      | Reached XP level 3. HP: 19/19 MP: 6/6
   973 | D:2      | Reached skill level 5 in Stealth
  1144 | D:2      | Reached skill level 5 in Hexes
  1160 | D:2      | Learned a level 3 spell: Confusing Touch
  1225 | D:2      | Found an ancient bone altar of Kikubaaqudgha.
  1447 | D:2      | Reached XP level 4. HP: 24/24 MP: 0/7
  2240 | D:3      | Identified the +3 leather armour of Noon {rN+ Str-4 Dex+2
                  | Slay+6}
  2573 | D:3      | Noticed Robin
  2822 | D:3      | Killed Robin
  2945 | D:3      | Reached XP level 5. HP: 11/28 MP: 6/9
  3748 | D:4      | Reached skill level 1 in Ice Magic
  3752 | D:4      | Reached skill level 6 in Stealth
  4063 | D:4      | Found a runed translucent door.
  4064 | D:4      | Noticed sn0wgr3's ghost (amateur MiFi)
  4068 | D:4      | Noticed Edmund
  4073 | D:4      | Reached XP level 6. HP: 31/32 MP: 10/10
  4080 | D:4      | Killed Edmund
  4120 | D:4      | Noticed a human
  4121 | D:4      | Found a runed translucent door.
  4125 | D:4      | Found a basalt altar of Yredelemnul.
  4380 | D:5      | Entered Level 5 of the Dungeon
  4531 | D:5      | Reached XP level 7. HP: 36/36 MP: 12/12
  4559 | D:5      | Learned a level 3 spell: Tukima's Dance
  4566 | D:5      | Noticed Grinder
  4735 | D:5      | Paralysed by Grinder for 5 turns
  4745 | D:5      | Killed Grinder
  4746 | D:5      | Reached skill level 7 in Stealth
  4917 | D:5      | Noticed Menkaure
  4932 | D:5      | Killed Menkaure
  4933 | D:5      | Reached XP level 8. HP: 12/41 MP: 10/14
  5694 | D:6      | Reached skill level 5 in Dodging
  5839 | D:5      | Reached skill level 8 in Stealth
  6322 | D:5      | HP: 1/41 [orc warrior (7)]
  6322 | D:5      | Slain by an orc warrior

Illustrated notes

Levels and vault maps discovered:
D:1:      amcnicky_arrival_flooded_fountain, layout_loops_ring,
          hellmonk_ecumenical_altar_pennies_from_heaven
D:2:      layout_basic, basic_altar, minmay_quantized
D:3:      layout_basic, serial_corexii_hall, corexii_hall_statues_x,
          corexii_hall_statues_t, lemuel_another_geyser, uniq_robin
D:4:      layout_cave_pools, dk_yredelemnul_ordeal, gammafunk_ghost_grave,
          uniq_edmund
D:5:      layout_rooms, uniq_menkaure, uniq_grinder
D:6:      layout_gridville, minmay_temple_entry_arrows

Skill      XL: |  1  2  3  4  5  6  7  8 |
---------------+-------------------------+-----
Stealth        | 5 6 7 8 |  8.1
Short Blades   | 2 3 4 |  4.7
Hexes          | 5 6 7 |  7.4
Dodging        | 3 4 5 |  5.1
Ice Magic      | 1 2 3 |  3.3
Spellcasting   | 3 4 |  4.3

Action                   |  1- 3 |  4- 6 |  7- 9 || total
-------------------------+-------+-------+-------++-------
Melee: Dagger            |    65 |   129 |    75 ||   269
       Bite              |     2 |    10 |     7 ||    19
       Punch             |     1 |     2 |     3 ||     6
 Cast: Ensorcelled Hiber |     5 |    24 |     6 ||    35
       Confusing Touch   |       |     1 |     1 ||     2
       Tukima's Dance    |       |       |     2 ||     2
 Abil: Exsanguinate      |     1 |       |       ||     1
 Stab: Sleeping          |    21 |    34 |     6 ||    61
       Confused          |       |     2 |     1 ||     3
Armor: Robe              |     7 |     5 |       ||    12
       Leather armour    |       |    26 |    24 ||    50
Dodge: Dodged            |    26 |    72 |    38 ||   136

Table legend: (Time is in decaauts)
 A = Elapsed time spent in this place.
 B = Non-inter-level travel time spent in this place.
 C = Inter-level travel time spent in this place.
 D = Time resting spent in this place.
 E = Time spent auto-exploring this place.
 F = Levels seen in this place.
 G = Mean time per level.
                   A        B        C        D        E       F      G
               +--------+--------+--------+--------+--------+-----+--------+
         Total |   6291 |   6068 |    223 |   1247 |   3619 |   6 | 1048.5 |
       Dungeon |   6291 |   6068 |    223 |   1247 |   3619 |   6 | 1048.5 |
               +--------+--------+--------+--------+--------+-----+--------+

Top non-repeatable levels by time:
     D:5: 1502 daAuts
     D:2: 1484 daAuts
     D:3: 1153 daAuts
     D:1: 950 daAuts
     D:4: 864 daAuts
     D:6: 335 daAuts
